[Event "Germany Countries-chT Youth 2022"]
[Site "Wiesbaden"]
[Date "2022.10.01"]
[Round "1"]
[White "Bosselmann, Tom Linus"]
[Black "Popist, Florian"]
[Result "1/2-1/2"]
[ECO "D27"]
[WhiteElo "2061"]
[BlackElo "2187"]
[Annotator "TA"]
[PlyCount "81"]
[EventDate "2022.09.28"]
[EventType "team-tourn"]
[EventRounds "7"]
[EventCountry "GER"]
[SourceTitle "playchess.com"]
[Source "ChessBase"]
[SourceQuality "1"]
[TimeControl "40/5400+30:1800+30"]

1. d4 d5 2. c4 dxc4 3. Nf3 Nf6 4. e3 e6 5. Bxc4 c5 6. O-O Nc6 7. Nc3 a6 8. a4 Qc7 9. Bb3 {[%emt 0:07:26] D27: Queen's Gambit Accepted: Classical main line: 7 e4!? and 7 a4.} Be7 10. dxc5 Bxc5 11. e4 {[%emt 0:03:06] [#]} Ng4 $146 {[%emt 0:04:42] next ...Nxf2 is good for Black.} ({Predecessor:} 11... O-O 12. Qe2 Ng4 13. g3 Bd7 14. Bf4 Bd6 15. Bxd6 Qxd6 16. Rad1 Qe7 17. Kg2 Rfd8 18. Rde1 {½-½ (18) Gorbatenko,K (2086)-Gutenev,A (2348) Serpukhov 2009}) 12. h3 (12. Bg5 $11) 12... Nxf2 $1 $15 13. Rxf2 Qb6 14. Qc2 Bxf2+ 15. Qxf2 Qxb3 16. Be3 {[%emt 0:01:08] Black must now prevent Bc5.} Bd7 $2 {[%emt 0:21:51] [#]} (16... O-O $17 {and life is bright.} 17. Bc5 Rd8) 17. Ra3 (17. Bc5 $1 $16 {And now Ra3 would win.} Qc4 18. Rd1) 17... Qc4 $1 $11 {[%emt 0:04:00] The position is equal.} 18. Nd2 {[%emt 0:03:15][%mdl 1024] White has compensation.} Qb4 19. Rb3 Qe7 20. Nc4 {[%emt 0:01:23] Prevents Na5. Strongly threatening Bc5.} O-O $1 21. Bc5 Qg5 22. Bxf8 Rxf8 23. Rxb7 Rd8 24. Qe3 (24. Rb6 {keeps more tension.} Ra8 25. Kh2 Ne5 26. Nxe5 Qxe5+ 27. Qg3) 24... Qxe3+ 25. Nxe3 Kf8 26. Nc4 Ke7 27. Kf2 Rb8 28. Rxb8 Nxb8 {[%emt 0:00:02][%mdl 4096] Endgame KBN-KNN} 29. Ke3 Nc6 30. b3 f6 31. a5 Be8 32. Na4 e5 33. Nc5 Nb4 34. Kd2 Bb5 35. Kc3 Nc6 36. b4 Nd4 37. Ne3 Kd6 38. h4 g6 39. g4 Ne2+ 40. Kd2 Nf4 {[%emt 0:01:44] Inhibits Nd5.} 41. Kc3 {[%emt 0:02:25] Weighted Error Value: White=0.14 (very precise) /Black=0.11 (very precise)} 1/2-1/2

[Event "Germany Countries-chT Youth 2022"]
[Site "Wiesbaden"]
[Date "2022.10.01"]
[Round "1"]
[White "Koll, Linus"]
[Black "Nied, Pascal"]
[Result "1/2-1/2"]
[ECO "C50"]
[WhiteElo "2060"]
[BlackElo "2131"]
[Annotator "TA"]
[PlyCount "105"]
[EventDate "2022.09.28"]
[EventType "team-tourn"]
[EventRounds "7"]
[EventCountry "GER"]
[SourceTitle "playchess.com"]
[Source "ChessBase"]
[SourceQuality "1"]
[TimeControl "40/5400+30:1800+30"]

1. e4 e5 2. Nf3 Nc6 3. Bc4 Nf6 4. d3 Bc5 5. O-O h6 6. Be3 Bb6 7. Nc3 d6 8. Qd2 {[%emt 0:06:21] [#]} Na5 $146 {[%emt 0:17:09] C50: Hungarian Defence and Giuoco Pianissimo.} ({Predecessor:} 8... Bg4 9. Bxb6 axb6 10. Qe3 O-O 11. Nh4 Na5 12. Bb3 Nxb3 13. axb3 Rxa1 14. Re1 Rc1 15. Rxc1 Kh8 16. Ra1 {½-½ (16) Reguigui,M-Saidi,M (1215) Sousse 2021}) 9. Bb5+ c6 10. Bxb6 (10. Ba4 $5 ) 10... axb6 {[%emt 0:09:42] Black is slightly better.} 11. b4 cxb5 12. bxa5 b4 13. Ne2 bxa5 14. a3 bxa3 15. c4 O-O 16. Rfb1 Qc7 17. Qe3 Bd7 18. Nc3 {[%emt 0:05:57] Against b5} Bc6 19. Rxa3 (19. Nh4 {seems wilder.} Ra6 20. Nf5 Bd7 21. Nb5) 19... Ra6 (19... Qe7 $5 20. Ra2 Rfe8 $15) 20. Nb5 Qd7 21. Nd2 a4 22. Rb4 (22. Nf1 $15) 22... d5 23. exd5 {[%emt 0:01:30] [#]} Nxd5 24. cxd5 Bxb5 25. Qc5 Ra5 26. Nc4 Rc8 27. Qb6 Bxc4 $40 {[%emt 0:01:50][%mdl 128] Black wants a kill.} 28. Qxa5 Qxd5 (28... Bxd5 $17 29. Ra1 Qe7) 29. Qxd5 Bxd5 $17 {[%emt 0:00:05][%cal Rc8c1][%mdl 4096] [#] Endgame KRR-KRB} 30. f3 Rc1+ 31. Kf2 Rc2+ 32. Kg3 Bc6 33. Rc4 (33. d4 $15) 33... Rd2 34. h4 f5 (34... h5 $17 35. Rc5 f6) 35. Rc5 $2 ({Better is} 35. Raxa4 $15 Bxa4 36. Rxa4) 35... Re2 $2 ({Black should try} 35... f4+ $19 36. Kh2 Bxf3) 36. Rac3 (36. Rxc6 $15 bxc6 37. Rxa4) 36... Kf7 37. R5c4 (37. h5 $17) 37... Kf6 (37... f4+ $19 38. Kh3 Ke7) 38. d4 (38. Rxc6+ $15 bxc6 39. Rxc6+ Kf7 40. Ra6) 38... f4+ $19 39. Kh3 e4 ({Black should play} 39... Bd7+ $17 40. Kh2 e4) 40. Rxc6+ $11 {[%emt 0:00:39] The position is equal.} bxc6 41. Rxc6+ {[%emt 0:30:10] KR-KR} Kf5 {[%emt 0:18:05] Hoping for ...e3.} 42. Rc5+ Ke6 {[%emt 0:00:20] Threatens to win with ...e3.} 43. Re5+ Kd6 {[%emt 0:00:29] And now ...exf3 would win.} 44. fxe4 a3 45. Ra5 Rxe4 {[%emt 0:00:18] Strongly threatening ...Re2.} 46. Kg4 Rxd4 {[%emt 0:02:25] ...Rd3 is the strong threat.} 47. Rxa3 Rd2 48. Kf3 Ke5 49. Ra5+ Kf6 50. Ra6+ Kf5 51. Ra5+ Kg6 52. h5+ Kf6 53. Ke4 {[%emt 0:00:14] White happily takes the draw.  Weighted Error Value: White=0.23 (precise) /Black=0.26 (precise)} 1/2-1/2

[Event "Germany Countries-chT Youth 2022"]
[Site "Wiesbaden"]
[Date "2022.10.01"]
[Round "1"]
[White "Chassard, Cedric"]
[Black "Musiolik, David"]
[Result "0-1"]
[ECO "B12"]
[WhiteElo "2042"]
[BlackElo "2252"]
[Annotator "TA"]
[PlyCount "84"]
[EventDate "2022.09.28"]
[EventType "team-tourn"]
[EventRounds "7"]
[EventCountry "GER"]
[SourceTitle "playchess.com"]
[Source "ChessBase"]
[SourceQuality "1"]
[TimeControl "40/5400+30:1800+30"]

1. e4 c6 2. d4 d5 3. e5 Bf5 4. Nf3 e6 5. Be2 Ne7 6. O-O Bg6 {[%emt 0:00:16] 6...h6 is a critical line.} 7. Nbd2 Nf5 {[%emt 0:00:16] B12: Caro-Kann: Advance Variation.} 8. Nb3 Nd7 9. a4 Be7 {[%emt 0:08:02] The position is equal.} 10. g4 Nh4 11. Nxh4 Bxh4 12. f4 f5 {[%emt 0:03:00] [#]} ({Don't take} 12... Be4 13. Nd2 $16) 13. g5 $146 (13. Bd3 $14) ({Predecessor:} 13. Bd3 Qe7 14. gxf5 exf5 15. Qf3 Qe6 16. a5 O-O 17. Be3 b5 18. Kh1 Kh8 19. Rg1 {1-0 (34) Grischuk,A (2759)-Bareev,E (2643) Amsterdam 2019}) 13... h6 $11 14. Bh5 Nf8 15. Nc5 {[%emt 0:01:25] Black must now prevent Bxg6+.} Qe7 16. Bxg6+ Nxg6 17. gxh6 $1 Rxh6 18. a5 Kf7 19. Ra3 Qc7 20. a6 b6 21. Nb7 Rah8 22. Qe2 {[%emt 0:04:23] White is now going downhill.} (22. Raf3 $15) 22... Be7 $17 23. Rg3 {[%emt 0:01:03] [#]} c5 $1 (23... Rxh2 24. Qxh2 Rxh2 25. Kxh2 $15) 24. Rc3 c4 ({Worse is} 24... Rxh2 25. Qxh2 Rxh2 26. Kxh2 $17) 25. Rf2 b5 26. b3 (26. Rg2 $142) 26... Qb6 $19 27. bxc4 bxc4 ({Stronger than} 27... Qxd4 28. Qd2 Qxd2 29. Bxd2 bxc4 30. Rcf3 $17) 28. Nc5 Bxc5 29. dxc5 Qxc5 30. Be3 Qa5 31. Qd2 Qxa6 32. Qc1 Qb5 33. Ra3 a6 {[%emt 0:00:41] Hoping for ...Rh4.} 34. c3 Rb8 {[%emt 0:00:45] Strongly threatening ...Nh4.} 35. Rfa2 Qb1 36. Rxa6 Qe4 37. Ra7+ Kg8 {[%emt 0:04:21] ( -> ...Rb1)} 38. Ra8 Rxa8 39. Rxa8+ {[%emt 0:00:02] [#] Black mates.} Kh7 $1 40. Ra2 Nh4 41. Rf2 Nf3+ 42. Kf1 Nxh2+ {[%emt 0:00:04] Weighted Error Value: White=0.46/Black=0.09 (flawless)} 0-1

[Event "Germany Countries-chT Youth 2022"]
[Site "Wiesbaden"]
[Date "2022.10.01"]
[Round "1"]
[White "Haubold, Sebastian Marcel"]
[Black "Gluma, Christian"]
[Result "1-0"]
[ECO "B06"]
[WhiteElo "2039"]
[BlackElo "2107"]
[Annotator "TA"]
[PlyCount "65"]
[EventDate "2022.09.28"]
[EventType "team-tourn"]
[EventRounds "7"]
[EventCountry "GER"]
[SourceTitle "playchess.com"]
[Source "ChessBase"]
[SourceQuality "1"]
[TimeControl "40/5400+30:1800+30"]

1. e4 g6 2. d4 Bg7 3. Nf3 c6 4. h3 d5 5. e5 f6 6. c4 {[%emt 0:00:19] B06: Modern Defence.} e6 7. exf6 Nxf6 8. Nc3 {[%emt 0:00:40] White is slightly better.} O-O 9. Bd3 (9. Be2 $14) 9... Nbd7 (9... c5 $1 $11 {keeps the balance.}) 10. O-O $16 {[%emt 0:03:20] [#]} Ne8 $146 ({Predecessor:} 10... Re8 11. Re1 c5 12. Bg5 cxd4 13. Nxd4 Qb6 14. Ndb5 a6 15. Be3 Qc6 16. cxd5 exd5 {1-0 (48) Fridman,R (2508)-Smit,E (2270) Germany 2012}) 11. Qe2 Ndf6 12. c5 b6 13. b4 {[%emt 0:05:31] White is much more active. The black rooks are badly placed.} a5 {[%emt 0:08:05] [#] A mistake that costs the game.} (13... bxc5 $16 14. bxc5 Nh5) 14. Na4 $1 $18 b5 15. Nb6 Ra7 16. Ne5 Qc7 17. a4 Nd7 $2 (17... axb4 18. Nxc8 Qxc8) 18. Nxc8 (18. Nexd7 Bxd7 19. axb5 Bxd4 $18) 18... Qxc8 {[%emt 0:04:13] [#]} 19. Nxc6 Qxc6 20. axb5 Qc8 21. Qxe6+ Kh8 22. Qxd5 {[%emt 0:01:03] Threatens to win with b6.} Qa8 $2 (22... Nef6 23. Qc4 Qd8) 23. Qxa8 {[%emt 0:08:32] White is clearly winning.} Rxa8 24. Be3 a4 25. Be4 Rb8 26. Bc6 {[%emt 0:01:53] This bishop pair is nice.} Rf7 27. Rxa4 Nf8 28. Rfa1 {[%emt 0:07:05] Ra8 is the strong threat.} Nc7 {[%emt 0:01:01] Prevents Ra8.} 29. Ra7 Kg8 30. b6 Nce6 31. Ra8 Bxd4 32. Bxd4 Nxd4 33. Bd5 {[%emt 0:00:22] Weighted Error Value: White=0.08 (flawless) /Black=0.51} 1-0

[Event "Germany Countries-chT Youth 2022"]
[Site "Wiesbaden"]
[Date "2022.10.01"]
[Round "1"]
[White "Hänselmann, Hendrik"]
[Black "Hecht, Jonas Christian"]
[Result "1/2-1/2"]
[ECO "B23"]
[WhiteElo "1989"]
[BlackElo "1852"]
[Annotator "TA"]
[PlyCount "56"]
[EventDate "2022.09.28"]
[EventType "team-tourn"]
[EventRounds "7"]
[EventCountry "GER"]
[SourceTitle "playchess.com"]
[Source "ChessBase"]
[SourceQuality "1"]
[TimeControl "40/5400+30:1800+30"]

1. e4 c5 2. Nc3 Nc6 3. Bb5 Nd4 4. Nf3 a6 5. Bd3 g6 6. O-O {[%emt 0:02:33] B23: Closed Sicilian: Lines without g3.} Bg7 7. Re1 Nxf3+ 8. Qxf3 d6 9. Bc4 Nf6 {[%emt 0:03:52] [#]} 10. h3 $146 ({Predecessor:} 10. d3 O-O 11. a4 e6 12. Bg5 h6 13. Bh4 g5 14. Bg3 e5 15. Nd5 Nxd5 16. Bxd5 {0-1 (53) Lagarde,M (2648)-Vakhidov,J (2534) Europe Echecs INT 2021}) 10... O-O 11. a4 Rb8 12. d3 Bd7 13. a5 Bc6 14. Qe2 Re8 15. Be3 e6 16. Bb3 Rc8 17. Na4 (17. Qd2 $142) 17... Nd7 (17... Qxa5 {deserves consideration.} 18. Nxc5 Qc7) 18. c3 Qxa5 {[%emt 0:10:12] [#] Hoping for ...Qc7.} 19. Nxc5 $1 Qd8 20. Nxd7 Qxd7 21. Bb6 d5 22. e5 f6 23. Bd4 {[%emt 0:02:37] White is more active.} f5 24. f4 Qd8 25. Bf2 Kh8 26. Qe3 Bh6 27. h4 {[%emt 0:01:31] Inhibits g5.} Bf8 28. Qh3 h5 {[%emt 0:00:19] Weighted Error Value: White=0.12 (very precise) /Black=0.10 (very precise)} 1/2-1/2

[Event "Germany Countries-chT Youth 2022"]
[Site "Wiesbaden"]
[Date "2022.10.01"]
[Round "1"]
[White "Kocharin, Timur"]
[Black "Hagner, Bennet"]
[Result "0-1"]
[ECO "B90"]
[WhiteElo "1971"]
[BlackElo "2253"]
[Annotator "TA"]
[PlyCount "58"]
[EventDate "2022.09.28"]
[EventType "team-tourn"]
[EventRounds "7"]
[EventCountry "GER"]
[SourceTitle "playchess.com"]
[Source "ChessBase"]
[SourceQuality "1"]
[TimeControl "40/5400+30:1800+30"]

1. e4 c5 2. Nf3 d6 3. d4 cxd4 4. Nxd4 Nf6 5. Nc3 a6 6. Be3 e5 7. Nf3 Be7 8. Bc4 Be6 9. Bxe6 {[%emt 0:08:16] B90: Sicilian Najdorf: Unusual White 6th moves, 6 Be3 Ng4 and 6 Be3 e5.} fxe6 10. O-O (10. Ng5 $5 Qd7 11. Qf3 $11) 10... b5 {[%emt 0:19:12] [#]} 11. Ng5 $146 {[%emt 0:11:16] The position is equal.} ({Predecessor:} 11. a3 O-O 12. Qe2 Nc6 13. Rad1 Qc8 14. Rd3 Rb8 15. b4 Rb7 16. Rfd1 Nd8 17. Bg5 {0-1 (64) Mohamed,A (1776)-Merritt,M (2175) Batumi 2018}) 11... Qd7 12. f4 exf4 13. Rxf4 (13. Bxf4 $11 Nc6 14. e5 dxe5 15. Bg3) 13... Nc6 $15 14. Qe2 O-O 15. Raf1 h6 16. Nh3 Ne5 17. Kh1 (17. Re1 $142) 17... Qc6 $17 18. Bd4 b4 $36 {[%emt 0:03:29][%mdl 2048] Keeping White busy.} 19. Nd1 Ng6 20. R4f3 e5 ({Worse is} 20... Nxe4 21. Re1 d5 22. Ndf2 $17) 21. Be3 (21. Bg1 $17) 21... Nh4 22. Rg3 (22. c4 {is a better defense.}) 22... Nxe4 $19 {[%emt 0:01:28] Black is clearly winning.} 23. Rxf8+ Rxf8 (23... Kxf8 $2 {too greedy.} 24. Rg4 h5 25. Rxh4 Bxh4 26. Qxh5 $19) 24. Rg4 h5 25. Rxh4 Bxh4 26. Qxh5 Qxc2 {[%emt 0:04:24] [#] aiming for ...Rf1+.} 27. Qxh4 Qxd1+ 28. Ng1 Qd3 29. Qh3 {[%emt 0:01:00] [#]} Qxe3 $3 {[%emt 0:00:38][%mdl 512] Weighted Error Value: White=0.82/Black=0.04 (flawless)} 0-1

[Event "Germany Countries-chT Youth 2022"]
[Site "Wiesbaden"]
[Date "2022.10.01"]
[Round "1"]
[White "Möller, Maurin"]
[Black "Pohle, Saskia"]
[Result "1-0"]
[ECO "C56"]
[WhiteElo "1936"]
[BlackElo "1756"]
[Annotator "TA"]
[PlyCount "53"]
[EventDate "2022.09.28"]
[EventType "team-tourn"]
[EventRounds "7"]
[EventCountry "GER"]
[SourceTitle "playchess.com"]
[Source "ChessBase"]
[SourceQuality "1"]
[TimeControl "40/5400+30:1800+30"]

1. e4 e5 2. Nf3 Nc6 3. Bc4 Nf6 4. d4 exd4 5. e5 d5 6. Bb5 Nd7 7. O-O Be7 8. Re1 O-O {[%emt 0:05:03] C56: Two Knights: 4 d4 exd4 5 0-0 Nxe4.} 9. Bxc6 bxc6 10. Nxd4 Nb8 {[%emt 0:02:45] The position is equal.} 11. f4 c5 {[%emt 0:07:12] [#]} 12. Nb3 $146 ({Predecessor:} 12. Nf3 Nc6 13. Nc3 d4 14. Ne4 Be6 15. Ng3 Qd7 16. c3 Rad8 17. Qa4 Bd5 18. f5 Bxf3 19. gxf3 {0-1 (37) Yoo,C (2479)-Niemann,H (2571) Chess.com INT 2021}) 12... d4 ({Better is} 12... c4 $15 13. Nd4 c5) 13. Qf3 c6 14. N1d2 a5 {[%emt 0:08:08] Hoping for ...a4.} 15. a4 (15. Ne4 $1 $14) 15... Ba6 (15... Bf5 $15 {keeps the upper hand.}) 16. Ne4 {[%emt 0:01:55] f5 is the strong threat. White is more active.} c4 17. Nbd2 Qd5 18. Qh5 (18. Qg3 $11 Kh8 19. Kh1) 18... Nd7 $15 19. Nf3 Nc5 (19... f6 $15 {is more appropriate.}) 20. Ng3 $11 {[%emt 0:02:22] Pair of Knights!} Rfe8 (20... d3 $11) 21. f5 $16 {[%emt 0:00:41] Black must now prevent Qg4.} Bf8 $2 (21... d3 $16) 22. f6 $2 (22. Ng5 $18 h6 23. e6 hxg5 24. Qxf7+ Kh8 25. Qh5+ (25. Bxg5 Nxe6 26. Rxe6 Rxe6 $11) 25... Kg8 26. Qg6 (26. Bxg5 Nxe6 27. fxe6 Rxe6 $11)) 22... Ne6 $2 (22... g6 $16 23. Qh4 Ne6) 23. Nf5 $18 Ra7 24. Qg4 ({White should play} 24. Ng5 $18 Nxg5 25. fxg7 (25. Qxg5 g6 $11) 25... Bxg7 26. Bxg5 (26. Qxg5 f6 $14) 26... Rxe5 {[#]} 27. Bf4 $1) 24... Bc8 $2 (24... g6) (24... g6 $1 $11) 25. Bh6 $1 {[%emt 0:01:19][%cal Rh6g7] Strongly threatening Bxg7.} (25. N5xd4 $2 Nxd4 26. Qxd4 Bc5 27. Qxc5 Qxc5+ $17) 25... g6 26. Bxf8 {[%emt 0:00:15] The board is on fire.} Nxf8 {[%emt 0:00:54] [#]} (26... Rxf8 27. Ne7+ (27. N5xd4 Nxd4 28. Qxd4 Qxd4+ 29. Nxd4 Bd7 $16) (27. N3xd4 Kh8 $11) 27... Rxe7 28. fxe7 Re8) 27. Qg5 $1 {[%emt 0:00:15] Weighted Error Value: White=0.48/Black=0.64} 1-0

[Event "Germany Countries-chT Youth 2022"]
[Site "Wiesbaden"]
[Date "2022.10.01"]
[Round "1"]
[White "Neuhoff, Laertes"]
[Black "Wunderlich, Elias"]
[Result "1-0"]
[ECO "C07"]
[WhiteElo "1885"]
[BlackElo "1815"]
[Annotator "NA RC COMBH"]
[PlyCount "87"]
[EventDate "2022.09.28"]
[EventType "team-tourn"]
[EventRounds "7"]
[EventCountry "GER"]
[SourceTitle "playchess.com"]
[Source "ChessBase"]
[SourceQuality "1"]
[TimeControl "40/5400+30:1800+30"]

1. e4 e6 2. d4 d5 3. Nd2 c5 4. exd5 Qxd5 5. Ngf3 cxd4 6. Bc4 Qd6 7. O-O Nf6 8. Nb3 Nc6 9. Nbxd4 Nxd4 10. Nxd4 Be7 11. Be3 O-O 12. Qf3 Qc7 13. Bb3 Bd7 14. Rfd1 Rfd8 15. Rac1 Bd6 16. Qh3 e5 17. Nf5 Bf8 18. Qf3 Bc6 19. Nh6+ gxh6 20. Qxf6 Bg7 21. Bxf7+ Kh8 22. Rxd8+ Rxd8 23. Qh4 Rd6 24. Bh5 Qa5 25. Qe7 Qb4 26. Qc7 Rf6 27. b3 Rf8 28. c4 Qa3 29. Rc2 Qb4 30. Rd2 Qc3 31. Qd6 Rg8 32. Qd3 Qc1+ 33. Qf1 Qa3 34. Bf7 Rf8 35. Bd5 Rd8 36. Qd1 Rf8 37. Bxc6 bxc6 38. Qc2 a5 39. Rd7 Qb4 40. Bd2 Qc5 41. Bxh6 Rg8 42. Qf5 Qb4 43. Bxg7+ Rxg7 44. Rd8+ 1-0

[Event "Germany Countries-chT Youth 2022"]
[Site "Wiesbaden"]
[Date "2022.10.01"]
[Round "1"]
[White "Malinowsky, Levi"]
[Black "Braun, Julian"]
[Result "1-0"]
[ECO "C95"]
[WhiteElo "1879"]
[BlackElo "1715"]
[Annotator "NA RC COMBH"]
[PlyCount "103"]
[EventDate "2022.09.28"]
[EventType "team-tourn"]
[EventRounds "7"]
[EventCountry "GER"]
[SourceTitle "playchess.com"]
[Source "ChessBase"]
[SourceQuality "1"]
[TimeControl "40/5400+30:1800+30"]

1. e4 e5 2. Nf3 Nc6 3. Bb5 a6 4. Ba4 Nf6 5. O-O Be7 6. Re1 b5 7. Bb3 d6 8. c3 O-O 9. h3 Nb8 10. d4 Nbd7 11. Nbd2 Bb7 12. Bc2 Re8 13. Nf1 Bf8 14. Ng3 g6 15. Nh2 Bg7 16. f4 exd4 17. cxd4 c5 18. d5 Qb6 19. Nf3 Re7 20. Be3 Rae8 21. Qd2 b4 22. Bd3 a5 23. a3 Qc7 24. axb4 axb4 25. Bf2 Nb6 26. Qc2 c4 27. Rac1 Rc8 28. Qd2 c3 29. bxc3 bxc3 30. Qc2 Nbd7 31. Nd4 Qb8 32. Rb1 Nc5 33. Nc6 $18 ({Weaker is} 33. Qxc3 Qa7 $16) 33... Qc7 34. Bxc5 Bxc6 35. Bb6 Qd7 36. dxc6 Qxc6 37. Bd4 h5 38. Rb6 Qc7 39. Reb1 Nxe4 40. Bxg7 Nxg3 41. Bd4 h4 42. Bf6 Qc5+ 43. Kh2 Re3 44. Bxh4 Rxd3 45. Qxd3 Nf5 46. R6b5 Qd4 47. Qxd4 Nxd4 48. Rb8 Rf8 49. Rxf8+ Kxf8 50. Bf6 Nc6 51. Rb6 c2 52. Rxc6 1-0

[Event "Germany Countries-chT Youth 2022"]
[Site "Wiesbaden"]
[Date "2022.10.01"]
[Round "1"]
[White "Bock, Marlon"]
[Black "von Mettenheim, Johannes"]
[Result "1-0"]
[ECO "A47"]
[WhiteElo "1866"]
[BlackElo "2231"]
[Annotator "TA"]
[PlyCount "99"]
[EventDate "2022.09.28"]
[EventType "team-tourn"]
[EventRounds "7"]
[EventCountry "GER"]
[SourceTitle "playchess.com"]
[Source "ChessBase"]
[SourceQuality "1"]
[TimeControl "40/5400+30:1800+30"]

1. d4 Nf6 2. Nf3 e6 3. e3 b6 4. Bd3 Bb7 5. Nbd2 c5 6. O-O Be7 7. c3 cxd4 {[%emt 0:00:17] A47: 1 d4 Nf6 2 Nf3 b6: Torre, London and Colle Systems.} 8. cxd4 d5 9. b3 O-O {[%emt 0:01:03] The position is equal.} 10. Bb2 {[%emt 0:01:29] [#]} Ba6 $146 ({Predecessor:} 10... Nc6 11. a3 a5 12. Qe2 Rc8 13. Rac1 Bd6 14. Ne5 Qe7 15. Ba6 Nb8 16. Bxb7 Qxb7 {½-½ (43) Saidov,B (2389)-Ismailov,M (2133) Tashkent 2012}) 11. Qe2 Bxd3 12. Qxd3 Nc6 13. Rac1 Rc8 14. a3 Nd7 15. Rc2 Qc7 16. Rfc1 Qb7 17. Ne5 Ncb8 18. f4 Bd6 19. Rc3 Nf6 20. Qc2 Rcd8 21. b4 Qa6 22. Qd3 b5 23. Qc2 Nfd7 24. Nb3 Nb6 (24... Qb7 $11) 25. Nc5 $14 Bxc5 26. dxc5 (26. Rxc5 $6 Rde8 $11) 26... Nc4 27. Rd3 (27. Nxc4 $14 dxc4 28. a4) 27... Nc6 $11 28. Nxc4 dxc4 29. Rd6 Rxd6 30. cxd6 Qb6 31. Qd2 (31. Qe4 {with more complications.} Re8 32. a4 a6 33. a5) 31... Rd8 32. Rd1 $40 {[%emt 0:00:56][%mdl 128] White has some attack.} Rd7 33. Kh1 f5 34. h3 Nd8 35. Be5 Qb7 36. Qd4 Qa6 (36... Qb6 $11 {keeps the balance.}) 37. Qc5 $16 {[%emt 0:00:40][%cal Oa3a4] Threatens to win with a4! White has more active pieces.} Kf7 $2 (37... Qb7 $16) 38. Bb2 $2 (38. a4 $1 $18 ) 38... Qa4 {[%emt 0:01:10][%mdl 8192] [#]} (38... Qc6 $1 $11 {and Black has nothing to worry.}) 39. Rd2 $1 $18 {[%emt 0:00:30][%cal Oe3e4] Strongly threatening e4!} (39. Qd4 Kf8 $14) 39... Ke8 (39... Qb3 $142 40. Qxb5 Ke8) 40. g4 (40. Qc8 h5 $14) 40... fxg4 $2 {[%emt 0:00:28] [#]} (40... Qa6 41. gxf5 Qb7+ 42. Kh2 Qe4) 41. Qh5+ $1 Nf7 42. Qxg4 {[%emt 0:06:34][%cal Ob2f6] Bf6! would kill now.} (42. Qxh7 Rxd6 43. Qg8+ Ke7 44. Rxd6 Kxd6 45. Qf8+ (45. Qxf7 Qd1+ 46. Kh2 Qd2+ 47. Kg3 Qxe3+ 48. Kxg4 Qe2+ 49. Kg3 Qxb2 $11) 45... Kd5 46. Qa8+ (46. Qxf7 Qd1+ 47. Kh2 Qd2+ 48. Kg3 Qxe3+ 49. Kh4 Qf2+ 50. Kg5 Qxb2 $11) 46... Kd6 47. Qf8+ Kd5 48. Qxf7 Qd1+ 49. Kh2 Qd2+ 50. Kg3 Qxe3+ 51. Kh4 Qf2+ 52. Kg5 Qxb2 53. Qb7+ Kd6 54. Qa6+ Kc7 55. Qxa7+ Kd8 $11) 42... Qa6 43. Qxe6+ Kd8 {[%emt 0:00:07] Hoping for ...c3.} 44. Bxg7 Kc8 45. Be5 Qxa3 $2 (45... Nd8 $18 46. Qd5 Qc6) 46. Qd5 {[%emt 0:00:24][%cal Rd5a8] White mates.} Kb8 47. Qxb5+ Ka8 48. Qxc4 ({Weaker is} 48. Bb2 Qxe3 49. Qxd7 (49. Qc6+ Kb8 $11) 49... Qe1+ 50. Kh2 Qxd2+ 51. Kg3 Qe3+ 52. Kg4 Qg1+ 53. Kh4 Qf2+ 54. Kh5 (54. Kg4 Qg2+ 55. Kh4 Qf2+ 56. Kg4 Qg2+ 57. Kh4 Qf2+ $16) 54... Qe2+ 55. Kh4 Qf2+ 56. Kh5 (56. Kg4 Qg2+ 57. Kh4 Qf2+ $16) 56... Qe2+ 57. Qg4 Qxg4+ 58. hxg4 Kb7 $16) 48... Kb7 49. Rc2 Qa4 50. Qc8+ {[%emt 0:00:23] Weighted Error Value: White=0.27 (precise) /Black=0.45} 1-0

[Event "Germany Countries-chT Youth 2022"]
[Site "Wiesbaden"]
[Date "2022.10.01"]
[Round "1"]
[White "Basovskiy, Jana"]
[Black "Henninger, Claire"]
[Result "1-0"]
[ECO "B12"]
[WhiteElo "1858"]
[BlackElo "1526"]
[Annotator "NA RC COMBH"]
[PlyCount "97"]
[EventDate "2022.09.28"]
[EventType "team-tourn"]
[EventRounds "7"]
[EventCountry "GER"]
[SourceTitle "playchess.com"]
[Source "ChessBase"]
[SourceQuality "1"]
[TimeControl "40/5400+30:1800+30"]

1. e4 c6 2. d4 d5 3. e5 Bf5 4. h4 h5 5. Bg5 Qb6 6. Bd3 $17 (6. b3 $1 $11) 6... Qxb2 7. Bxf5 Qxa1 8. e6 Nh6 9. exf7+ Nxf7 10. Nf3 Nd7 11. Bg6 e6 12. O-O Be7 13. Qe2 Nf8 14. Ne5 Nxg6 15. Nxg6 Nxg5 16. hxg5 Kd7 17. Nxh8 Rxh8 18. Re1 Bb4 19. Qxe6+ Kc7 20. Qe5+ Kb6 21. c3 Bxc3 22. Nxc3 Qxc3 23. Rb1+ Ka5 24. Qc7+ Ka4 25. Qxb7 a5 26. Qxg7 Re8 27. Qf6 Qc2 28. Rf1 Rg8 29. Re1 h4 30. Re3 Rg6 31. Qe7 Qc1+ 32. Kh2 Qd2 33. Ra3+ Kb5 34. Qb7+ Kc4 35. Ra4+ Kd3 36. Qb1+ Qc2 37. Ra3+ Kd2 38. Qf1 Re6 39. Qa6 Re1 40. Qxa5+ Kd1 41. Qa4 Re4 42. Rd3+ Kc1 43. Qa3+ Kb1 44. Rb3+ Ka1 45. Rc3 Qb2 46. Rc1+ Qxc1 47. Qxc1+ Kxa2 48. Qxc6 Rxd4 49. Qc2+ 1-0